Map: Winter's Gate LE

Players

ShoWTimE - Winner!

  • Race: Protoss Protoss
  • Spawn Location: 11:00

TIME (Oliveira)

  • Race: Terran Terran
  • League: Master
  • Spawn Location: 5:00

Event: NationWars 2019

VOD

Have the link to the VOD?

Description

Time

  • Played on: Nov. 13, 2019, 5 p.m.
  • Length: 9:13

All games in this series

Show
View Real Time Build Order
Export as new Build Order

ShoWTimE Protoss - Winner!

Build Orders: 1 Gate Expand, Double Forge, Phoenix Opening, Blink Stalkers 

Get SALT Encoding   

  12  0:00  Probe  
  13  0:12  Probe  
  14  0:17  Pylon  
  14  0:25  Probe  
  15  0:36  Gateway  
  15  0:37  Probe (Chrono Boost)  
  16  0:46  Probe (Chrono Boost)  
  16  0:47  Assimilator  
  17  0:51  Probe (Chrono Boost)  
  18  1:03  Probe  
  19  1:15  Probe  
  20  1:24  Cybernetics Core  
  20  1:33  Nexus  
  20  1:36  Probe  
  21  1:44  Pylon  
  21  1:49  Probe  
  21  1:51  Assimilator  
  22  1:59  Adept (Chrono Boost)  
  22  2:01  Probe  
  22  2:05  Warp Gate  
  25  2:13  Probe  
  28  2:23  Sentry  
  28  2:25  Probe (Chrono Boost)  
  30  2:37  Probe (Chrono Boost)  
  30  2:43  Probe (Chrono Boost), Twilight Council  
  31  2:51  Stalker  
  31  2:53  Probe (Chrono Boost)  
  31  2:57  Probe (Chrono Boost)  
  35  2:59  Phoenix  
  35  3:02  Probe (Chrono Boost)  
  35  3:04  Gateway  
  37  3:05  Probe (Chrono Boost)  
  37  3:07  Probe (Chrono Boost)  
  37  3:11  Blink (Chrono Boost)  
  38  3:16  Probe  
  38  3:19  Probe  
  40  3:22  Pylon  
  40  3:25  Assimilator  
  40  3:28  Probe  
  40  3:31  Probe  
  42  3:34  Robotics Facility  
  42  3:40  Probe  
  43  3:43  Probe  
  44  3:52  Probe  
  45  3:55  Probe  
  45  3:58  Stalker x2  
  50  4:04  Probe  
  50  4:05  Pylon  
  50  4:09  Nexus  
  51  4:10  Probe  
  51  4:13  Pylon  
  52  4:20  Probe  
  52  4:22  Probe  
  54  4:24  Stalker  
  54  4:25  Stalker  
  54  4:26  Observer  
  54  4:28  Pylon  
  59  4:32  Probe  
  59  4:34  Probe  
  61  4:44  Probe, Forge  
  62  4:46  Probe  
  62  4:48  Observer  
  62  4:51  Charge  
  64  4:53  Forge  
  64  4:56  Probe  
  64  4:57  Stalker  
  64  4:58  Probe  
  68  5:00  Stalker  
  70  5:11  Gateway x2  
  70  5:15  Gateway, Protoss Ground Armor Level 1 (Chrono Boost)  
  70  5:18  Gateway  
  70  5:20  Protoss Ground Weapons Level 1 (Chrono Boost)  
  70  5:27  Observer  
  70  5:30  Gateway  
  70  5:32  Observer  
  71  5:40  Gateway  
  71  5:43  Probe  
  71  5:44  Probe x2  
  71  5:45  Sentry  
  76  5:52  Pylon, Zealot  
  76  5:56  Immortal  
  82  5:57  Probe  
  82  5:58  Probe x2  
  85  6:08  Pylon  
  85  6:09  Probe, Sentry, Zealot x2  
  92  6:12  Pylon  
  92  6:13  Zealot x2  
  92  6:18  Probe  
  97  6:20  Pylon  
  97  6:26  Pylon  
  97  6:27  Zealot x2  
  101  6:39  Immortal (Chrono Boost), Zealot x3  
  111  6:40  Zealot  
  111  6:41  Zealot  
  115  6:55  Zealot x3  
  117  7:09  Sentry x2, Zealot x3  
  117  7:13  Pylon  
  117  7:14  Pylon  
  117  7:15  Immortal (Chrono Boost)  
  127  7:16  Pylon  
  127  7:26  Zealot x3  
  127  7:29  Pylon  
  131  7:32  Zealot x5  
  139  7:48  Zealot x3  
  117  7:55  Stalker x5  
Show
View Real Time Build Order
Export as new Build Order

TIME Terran 

Build Orders: Reaper Expand 

Get SALT Encoding   

  12  0:01  SCV  
  13  0:13  SCV  
  14  0:17  Supply Depot  
  14  0:25  SCV  
  15  0:39  SCV  
  15  0:40  Barracks  
  16  0:44  Refinery  
  16  0:51  SCV  
  17  1:03  SCV  
  18  1:15  SCV  
  19  1:28  Orbital Command, Reaper  
  20  1:46  Command Center  
  20  1:50  Supply Depot  
  20  1:54  SCV  
  21  1:59  Marine  
  22  2:06  SCV  
  22  2:08  Factory  
  23  2:12  Refinery  
  23  2:18  Bunker  
  23  2:20  SCV  
  24  2:23  Barracks Reactor  
  24  2:33  SCV  
  25  2:53  SCV, Starport  
  25  2:54  Factory Tech Lab  
  25  2:58  Orbital Command  
  25  3:00  Marine x2  
  25  3:05  SCV  
  28  3:13  Cyclone  
  28  3:17  SCV  
  28  3:18  Marine x2  
  34  3:25  SCV  
  35  3:28  Supply Depot  
  37  3:36  SCV  
  37  3:37  SCV  
  37  3:40  Marine x2  
  41  3:48  SCV  
  41  3:50  SCV  
  41  3:59  Barracks, Supply Depot  
  41  4:00  Raven, Factory Tech Lab, SCV  
  41  4:01  Marine x2  
  41  4:02  SCV  
  47  4:11  Refinery  
  47  4:12  SCV  
  47  4:14  Barracks, SCV  
  49  4:19  Siege Tank  
  49  4:22  Marine x2  
  54  4:24  SCV  
  54  4:26  SCV  
  54  4:29  Engineering Bay  
  56  4:33  Supply Depot  
  56  4:37  SCV  
  56  4:38  SCV  
  58  4:41  Marine  
  58  4:42  Marine  
  60  4:49  SCV  
  62  4:54  Siege Tank  
  62  4:57  Stimpack, Marine  
  62  4:58  Refinery  
  66  5:01  SCV, Supply Depot  
  66  5:02  Supply Depot  
  66  5:04  Terran Infantry Weapons Level 1  
  66  5:05  SCV  
  67  5:07  Marine  
  67  5:09  Starport Reactor  
  67  5:12  Marine  
  67  5:13  SCV  
  70  5:14  Barracks Tech Lab  
  70  5:18  Supply Depot  
  70  5:23  SCV, Marine  
  70  5:25  Marine  
  76  5:28  Siege Tank  
  76  5:30  Supply Depot  
  76  5:31  Marine  
  76  5:33  SCV  
  76  5:35  SCV  
  79  5:37  Combat Shield  
  80  5:44  Marauder x2  
  80  5:45  Marine  
  80  5:46  SCV  
  80  5:48  Supply Depot  
  85  5:51  Marine  
  85  5:53  SCV  
  85  5:55  Supply Depot  
  87  5:58  SCV, Medivac  
  87  6:01  Medivac  
  87  6:02  Marine  
  93  6:07  SCV  
  93  6:08  Marine  
  93  6:09  Marauder  
  93  6:10  SCV  
  98  6:13  Siege Tank  
  98  6:17  Supply Depot  
  103  6:18  Marauder  
  103  6:27  Marine x2  
  103  6:31  Medivac  
  106  6:36  Marine  
  106  6:38  SCV x2  
  111  6:40  Marauder  
  111  6:42  Supply Depot  
  111  6:45  Marine  
  112  6:47  Marine  
  112  6:50  Siege Tank  
  115  6:54  Marauder  
  115  6:55  SCV  
  115  6:57  Supply Depot  
  115  7:01  Marine  
  116  7:03  Marine  
  116  7:05  Marine  
  116  7:08  SCV  
  118  7:12  Medivac x2  
  124  7:15  Marauder  
  124  7:18  Marine  
  124  7:20  Marine  
  124  7:22  Marine  
  125  7:36  Marine x2  
  107  7:45  Marine x2  
  77  7:53  SCV  
  77  7:55  Marauder x2  
  71  8:03  Marine x2  
  58  8:15  Marine  
  58  8:16  Marauder  
Tags
 
Add a new tag
Caveats
  • Supply blocks, unpowered buildings, or Contaminate may cause inaccurate times.
  • Supply counts are checked every 10 seconds.